 Dungeon Crawl Stone Soup version 0.30.0-10-gfe55d96785 (webtiles) character file.

Game seed: 13854890145520769713

513 croobank the Firebug (level 7, -1/51 HPs)
             Began as a Gnoll Fire Elementalist on May 16, 2023.
             Was a Believer of the Shining One.
             Slain by Edmund
             ... wielding a +0 flail of protection
              (9 damage)
             ... on level 4 of the Dungeon.
             The game lasted 00:12:06 (4510 turns).

croobank the Firebug (Gnoll Fire Elementalist)      Turns: 4510, Time: 00:12:07

Health: -1/51      AC:  2    Str:  7 (8)  XL:     7   Next: 19%
Magic:  13/15      EV: 13    Int: 14 (16) God:    the Shining One [**....]
Gold:   208        SH:  7    Dex: 12 (14) Spells: 7/17 levels left

rFire   . . .        k - +5 mace of Dissatisfaction {heavy, Dex+2}
rCold   . . .        (no shield)
rNeg    + . .        j - +0 robe
rPois   .            (no helmet)
rElec   .            (no cloak)
rCorr   .            (no gloves)
SInv    .            (no boots)
Will    +....        (no amulet)
Stlth   +            i - ring of willpower
HPRegen 0.28/turn    (no ring)
MPRegen 0.14/turn

%: no passive effects
@: brilliant, divinely shielded, about to teleport, attractive, flying, glowing
A: fangs 1, strong nose, distributed training
a: Renounce Religion, Divine Shield


You were on level 4 of the Dungeon.
You worshipped the Shining One.
The Shining One was pleased with you.
You visited 1 branch of the dungeon, and saw 4 of its levels.

You collected 208 gold pieces.

Inventory:

Hand Weapons
 a - a +0 short sword
 k - the +5 mace of Dissatisfaction (weapon) {heavy, Dex+2}
   (You found it on level 2 of the Dungeon)

   Dex:       It affects your dexterity (+2).
 m - the +1 hand axe of Zisifus {spect, rF- rC- Will+++ Stlth+}
   (You found it on level 3 of the Dungeon)

   rF:        It makes you vulnerable to fire.
   rC:        It makes you vulnerable to cold.
   Will:      It greatly increases your willpower.
   Stlth:     It makes you more stealthy.
 p - a +0 war axe
 q - a +0 short sword of electrocution
 t - a +2 dagger of venom
 u - a +2 dagger of holy wrath
Armour
 j - a +0 robe (worn)
Jewellery
 i - a ring of willpower (left hand)
Wands
 o - a wand of iceblast (6)
Scrolls
 d - a scroll of vulnerability
 h - 2 scrolls of teleportation
 r - a scroll of noise {unknown}
 s - a scroll of fear {unknown}
 w - a scroll of brand weapon {unknown}
Potions
 c - 4 potions of ambrosia
 v - a potion of resistance


   Skills:
 + Level 2.4 Fighting
 + Level 2.4 Short Blades
 + Level 2.4 Long Blades
 + Level 2.4 Axes
 + Level 2.4 Maces & Flails
 + Level 2.4 Polearms
 + Level 2.4 Staves
 + Level 2.4 Ranged Weapons
 + Level 2.4 Throwing
 + Level 2.4 Armour
 + Level 5.2 Dodging
 + Level 4.9 Stealth
 + Level 2.4 Shields
 + Level 2.4 Unarmed Combat
 + Level 5.6 Spellcasting
 + Level 2.9 Conjurations
 + Level 2.0 Hexes
 + Level 2.0 Summonings
 + Level 2.0 Necromancy
 + Level 2.0 Translocations
 + Level 2.0 Transmutations
 + Level 5.8 Fire Magic
 + Level 2.0 Ice Magic
 + Level 2.0 Air Magic
 + Level 2.0 Earth Magic
 + Level 2.0 Poison Magic
 + Level 2.7 Invocations
 + Level 2.4 Evocations


You had 7 spell levels left.
You knew the following spells:

 Your Spells              Type           Power      Damage    Failure   Level
a - Foxfire               Conj/Fire      96%        2x1d8     2%          1
b - Scorch                Fire           60%        2d7       2%          2
c - Inner Flame           Hex/Fire       22%        N/A       10%         3
d - Flame Wave            Conj/Fire      24%        2d8       26%         4

Your spell library contained the following spells:

 Spells                   Type           Power      Damage    Failure   Level
 Volatile Blastmotes      Fire/Tloc      44%        2d13      10%         3
 Ensorcelled Hibernation  Hex/Ice        28%        N/A       11%         2
 Dazzling Flash           Conj/Hex       32%        N/A       19%         3
 Gell's Gravitas          Tloc           14%        N/A       22%         3
 Spider Form              Tmut/Pois      14%        N/A       22%         3
 Teleport Other           Tloc           14%        N/A       22%         3
 Iskenderun's Mystic Bla  Conj/Tloc      16%        2d5       52%         4
 Anguish                  Hex/Necr       7%         N/A       58%         4
 Yara's Violent Unravell  Hex/Tmut       7%         3d5       90%         5
 Starburst                Conj/Fire      12%        6d5       99%         6
 Dispersal                Tloc           7%         N/A       100%        6
 Enfeeble                 Hex            7%         N/A       100%        7


Dungeon Overview and Level Annotations

Branches:
Dungeon (4/15)
 Temple: D:4-7

Altars:
Makhleb
Vehumet
Xom
The Shining One

Shops:
D:1 [   D:3 [

Annotations:
D:3 exclusion: statue
D:4 Edmund, Eustachio


Innate Abilities, Weirdness & Mutations

You have very sharp teeth.
Your uncanny sense of smell can sniff out nearby items.
Your experience applies equally to all skills.


Message History

Okay, then.
It was a potion of degeneration.
There was something very wrong with that liquid.
You feel weakened.
You feel dopey.
You feel clumsy.
Edmund mutters, "Who needs spells, anyway?"
Edmund barely misses you.
It was a potion of flight.
You feel very buoyant.
You fly up into the air.
Edmund hits you with a +0 flail of protection!
It was a potion of brilliance.
You feel clever all of a sudden.
Edmund hits you with a +0 flail of protection.
* * * LOW HITPOINT WARNING * * *
It was a potion of attraction.
You feel attractive to monsters.
Eustachio gestures wildly while chanting.
Eustachio blinks!
You block Edmund's attack.
Okay, then.
Okay, then.
As you read the scroll of identify, it crumbles to dust.
d - a scroll of vulnerability You block Edmund's attack.
Magic courses through your body. Edmund closely misses you.
Casting: Scorch (safe; 2% risk of failure)
Confirm with . or Enter, or press ? or * to list all spells.
You feel a surge of power!
Flames lash Edmund.
Edmund is moderately wounded.
Edmund's fire resistance burns away.
You block Edmund's attack.
Casting: Scorch (safe; 2% risk of failure)
Confirm with . or Enter, or press ? or * to list all spells.
You feel a surge of power!
Flames lash the rat.
You kill the rat!
The rat's corpse disappears in a puff of smoke!
Edmund hits you with a +0 flail of protection!
* * * LOW HITPOINT WARNING * * *
As you read the scroll labelled KES INWAZEOLIF, it crumbles to dust.
You feel strangely unstable.
It was a scroll of teleportation.
Edmund hits you with a +0 flail of protection!
You die...

..........#.# ###########
##@ ......# ... #####.#
#.# #.# ... #.# #.#
#####.# #r# ...##.# # #@#
# ##.##.# #.#@####.###
#.##.# #.#........#
#.##.# .###........#.#
#.##.# ........#####
##.##.# #######.# ##.##.#
#.# ##.##.# #.#
##.##.###########.#####.#
##.##....................


You could see Edmund (combustible), Eustachio and a quokka (summoned).

Vanquished Creatures
  Grinder (D:3)
  A scorpion (D:4)
  A crimson imp (D:3)
  Ijyb (D:4)
  Natasha (thrice) (D:3)
  Robin (D:4)
  4 adders
  2 worms
  A dart slug (D:4)
  An orc (D:4)
  12 endoplasms
  3 giant cockroaches
  13 goblins
  7 hobgoblins
  4 jackals (D:1)
  12 kobolds
  2 quokkas
  8 ball pythons
  4 bats
  5 frilled lizards
  7 rats
93 creatures vanquished.

Vanquished Creatures (others)
  125 foxfires
125 creatures vanquished.

Grand Total: 218 creatures vanquished

Notes
Turn   | Place    | Note
-------+----------+-------------------------------------------
     0 | D:1      | croobank the Gnoll Fire Elementalist began the quest for
                  | the Orb.
     0 | D:1      | Reached XP level 1. HP: 13/13 MP: 6/6
   196 | D:1      | Reached XP level 2. HP: 19/19 MP: 4/7
   256 | D:1      | Learned a level 2 spell: Scorch
   376 | D:1      | Found a faded altar of an unknown god.
   427 | D:1      | Prayed at the altar of an unknown god.
   427 | D:1      | Became a worshipper of the Shining One
   427 | D:1      | Reached * piety under the Shining One
   935 | D:1      | Reached skill level 5 in Spellcasting
   935 | D:1      | Reached XP level 3. HP: 21/25 MP: 5/9
  1152 | D:1      | Found Gappip's Antique Armour Emporium.
  1461 | D:2      | Reached skill level 1 in Invocations
  1854 | D:2      | Identified the +5 mace of Dissatisfaction {heavy, Dex+2}
  1955 | D:2      | Reached skill level 1 in Fighting
  1955 | D:2      | Reached skill level 1 in Short Blades
  1955 | D:2      | Reached skill level 1 in Long Blades
  1955 | D:2      | Reached skill level 1 in Axes
  1955 | D:2      | Reached skill level 1 in Maces & Flails
  1955 | D:2      | Reached skill level 1 in Polearms
  1955 | D:2      | Reached skill level 1 in Staves
  1955 | D:2      | Reached skill level 1 in Ranged Weapons
  1955 | D:2      | Reached skill level 1 in Throwing
  1955 | D:2      | Reached skill level 1 in Armour
  1955 | D:2      | Reached skill level 1 in Shields
  1955 | D:2      | Reached skill level 1 in Unarmed Combat
  1955 | D:2      | Reached skill level 1 in Evocations
  2378 | D:3      | Reached XP level 4. HP: 27/32 MP: 1/11
  2382 | D:3      | Learned a level 3 spell: Inner Flame
  2580 | D:3      | Identified the +1 hand axe of Zisifus {spect, rF- rC-
                  | Will+++ Stlth+}
  2583 | D:3      | Reached skill level 1 in Hexes
  2583 | D:3      | Reached skill level 1 in Summonings
  2583 | D:3      | Reached skill level 1 in Necromancy
  2583 | D:3      | Reached skill level 1 in Translocations
  2583 | D:3      | Reached skill level 1 in Transmutations
  2583 | D:3      | Reached skill level 1 in Ice Magic
  2583 | D:3      | Reached skill level 1 in Air Magic
  2583 | D:3      | Reached skill level 1 in Earth Magic
  2583 | D:3      | Reached skill level 1 in Poison Magic
  2630 | D:3      | Noticed Grinder
  2647 | D:3      | Killed Grinder
  2647 | D:3      | Reached ** piety under the Shining One
  2648 | D:3      | Reached skill level 5 in Dodging
  2648 | D:3      | Reached XP level 5. HP: 30/38 MP: 12/12
  2648 | D:3      | Reached XP level 6. HP: 35/44 MP: 14/14
  2698 | D:3      | Noticed Natasha
  2705 | D:3      | Killed Natasha
  2760 | D:3      | Found Ylaoko's Armour Shoppe.
  2768 | D:3      | Learned a level 4 spell: Flame Wave
  2843 | D:3      | Noticed Natasha
  2854 | D:3      | Killed Natasha
  3081 | D:3      | Found a shimmering altar of Xom.
  3082 | D:3      | Found a burning altar of Makhleb.
  3147 | D:3      | Found a radiant altar of Vehumet.
  3283 | D:3      | Noticed Natasha
  3286 | D:3      | Killed Natasha
  3596 | D:4      | Noticed Ijyb
  3606 | D:4      | Killed Ijyb
  3710 | D:4      | Reached XP level 7. HP: 51/51 MP: 4/15
  3999 | D:4      | Noticed Robin
  4007 | D:4      | Killed Robin
  4489 | D:4      | Noticed Eustachio
  4491 | D:4      | Noticed Edmund
  4510 | D:4      | Slain by Edmund

Illustrated notes

Levels and vault maps discovered:
D:1:      co_arrival_square_in_a_square_in_a_square, layout_rooms,
          serial_co_window_serial, co_window_paths_a,
          co_window_of_opportunity_a, co_window_corner_a, co_window_corner_a,
          co_window_paths_b, co_window_unsneaky_path_b, co_window_broadway_c,
          co_window_2corner, co_window_broadway_c, co_window_corner_cb,
          co_window_corner_b, glass_columns_b, glass_columns_a, glass_columns_a,
          hellmonk_ecumenical_altar_leap_of_faith, serial_shops, shop
D:2:      layout_basic
D:3:      layout_loops_ring, grunt_temple_overflow_champion_of_chaos,
          vehumet_statue, serial_shops, shop_fountains, uniq_natasha,
          uniq_grinder
D:4:      layout_basic, uniq_ijyb, uniq_robin, uniq_eustachio, uniq_edmund

Skill      XL: |  1  2  3  4  5  6  7 |
---------------+----------------------+-----
Conjurations   | 2 |  2.9
Spellcasting   | 5 |  5.6
Invocations    | 1 2 |  2.7
Fighting       | 1 2 |  2.4
Short Blades   | 1 2 |  2.4
Long Blades    | 1 2 |  2.4
Axes           | 1 2 |  2.4
Maces & Flails | 1 2 |  2.4
Polearms       | 1 2 |  2.4
Staves         | 1 2 |  2.4
Ranged Weapons | 1 2 |  2.4
Throwing       | 1 2 |  2.4
Armour         | 1 2 |  2.4
Shields        | 1 2 |  2.4
Unarmed Combat | 1 2 |  2.4
Evocations     | 1 2 |  2.4
Hexes          | 1 2 |  2.0
Summonings     | 1 2 |  2.0
Necromancy     | 1 2 |  2.0
Translocations | 1 2 |  2.0
Transmutations | 1 2 |  2.0
Ice Magic      | 1 2 |  2.0
Air Magic      | 1 2 |  2.0
Earth Magic    | 1 2 |  2.0
Poison Magic   | 1 2 |  2.0
Dodging        | 5 |  5.2
Stealth        | |  4.9
Fire Magic     | |  5.8

Action                     |  1- 3 |  4- 6 |  7- 9 || total
---------------------------+-------+-------+-------++-------
  Melee: Unarmed           |     5 |       |       ||     5
         Bite              |     1 |     9 |     2 ||    12
         Short sword       |     2 |     4 |       ||     6
         Hand axe          |       |    34 |       ||    34
         Punch             |       |     2 |     1 ||     3
         Mace              |       |    13 |    22 ||    35
   Cast: Foxfire           |    58 |    14 |     7 ||    79
         Scorch            |    23 |    17 |     9 ||    49
         Flame Wave        |       |       |     1 ||     1
 Invoke: Divine Shield     |       |     1 |     1 ||     2
    Use: Scroll            |     4 |     1 |     2 ||     7
         Potion            |       |     1 |     5 ||     6
 Armour: Robe              |     2 |     5 |     6 ||    13
  Dodge: Dodged            |    17 |    24 |    31 ||    72
  Block: Other             |       |     1 |     3 ||     4
